 Dungeon Crawl Stone Soup version 0.26-a0-651-gb41185065b (webtiles) character file.

Game seed: 2058300814367742497

14 Flugslaktarn the Covered (level 2, 0/28 HPs)
             Began as a Deep Dwarf Fighter on Oct 7, 2020.
             Killed by divine providence
             ... invoked by an orc priest
              (12 damage)
             ... on level 4 of the Dungeon.
             The game lasted 00:00:10 (252 turns).

Flugslaktarn the Covered (Deep Dwarf Fighter)        Turns: 252, Time: 00:00:10

Health: 0/28       AC:  6    Str: 19    XL:     2   Next: 31%
Magic:  2/2        EV:  7    Int:  8    God:
Gold:   45         SH:  9    Dex: 12    Spells: 1/1 levels left

rFire    . . .     SeeInvis .   a - +0 war axe
rCold    . . .     Faith    .   c - +0 kite shield
rNeg     . . .     Spirit   .   b - +0 scale mail
rPois    .         Reflect  .   (no helmet)
rElec    .         Harm     .   (no cloak)
rCorr    .         Rampage  .   (no gloves)
MR       .....                  (no boots)
Stlth    ..........             (no amulet)
HPRegen  0.00/turn              (no ring)
MPRegen  0.08/turn              (no ring)

@: non-regenerating
A: damage resistance, heal wounds, sense surroundings 1, no regeneration
a: Heal Wounds


You were on level 4 of the Dungeon.
You visited 1 branch of the dungeon, and saw 4 of its levels.

You collected 45 gold pieces.

Inventory:

Hand Weapons
 a - a +0 war axe (weapon)
Armour
 b - a +0 scale mail (worn)
 c - a +0 kite shield (worn)
Scrolls
 f - 2 scrolls of remove curse {unknown}
Potions
 d - a potion of might
 e - a potion of curing {unknown}


   Skills:
 * Level 3.0 Fighting
 * Level 2.6 Axes
 + Level 3.4 Armour
 + Level 3.4 Shields


You had one spell level left.
You didn't know any spells.
Your spell library was empty.

Dungeon Overview and Level Annotations

Branches:
Dungeon (4/15)
 Temple: D:4-7

Altars:
Vehumet


Innate Abilities, Weirdness & Mutations

You are resistant to damage.
You can heal yourself by infusing magical energy.
You passively map a small area around you.
You do not regenerate.


Message History

The orc wizard shouts!
You hear a shout! x2
An orc priest comes into view. It is wielding a +0 short sword.
The orc wizard moves out of view.
You hear a shout!
An orc comes into view. It is wielding a +0 trident.
You see here 21 gold pieces.
There are monsters nearby!
There are monsters nearby!
There are monsters nearby!
You block the orc's attack.
You closely miss the orc. You block the orc's attack.
You closely miss the orc. The orc closely misses you.
The orc priest calls down the wrath of Beogh upon you.
Beogh smites you!
You hear a shout!
You closely miss the orc. The orc closely misses you.
The orc hits you with a +0 trident.
The orc priest calls down the wrath of Beogh upon you.
Beogh smites you!
You die...

, , , * ,
* * * . ,
,* , , ,
..# * * *
* ... , *
#.. *,, *
#..#####
*
#.oo@..#
*
#.####$#
* *,, #.#
# * **
#.# ..# ,
##.###..#
, *
#......#
,
#...####
#.#<# *
**#.#..#


You could see an orc priest and an orc.

Vanquished Creatures
  An ooze (D:3)
  A giant cockroach (D:1)
  2 goblins (D:3)
  A hobgoblin (D:2)
  A kobold (D:3)
  A quokka (D:4)
  A frilled lizard (D:3)
  A rat (D:3)
9 creatures vanquished.

Notes
Turn   | Place    | Note
-------+----------+-------------------------------------------
     0 | D:1      | Flugslaktarn the Deep Dwarf Fighter began the quest for the
                  | Orb.
     0 | D:1      | Reached XP level 1. HP: 20/20 MP: 1/1
   113 | D:2      | Found a radiant altar of Vehumet.
   127 | D:3      | Reached XP level 2. HP: 24/27 MP: 2/2
   252 | D:4      | Killed from afar by an orc priest

Illustrated notes

Levels and vault maps discovered:
D:1:      enne_arrival_octagon_isle, layout_basic, minmay_hexomino_p4
D:2:      layout_loops_corners, nicolae_overflow_hidden_temple,
          uniq_crazy_yiuf_cottage, uniq_sigmund
D:3:      cheibrodos_greedy_goblins, layout_loops_corners, elyvilon_altar_3
D:4:      layout_rooms, kennysheep_little_box, serial_shops, shop,
          nicolae_ossuary_entry_giza

Skill      XL: |  1  2 |
---------------+-------+-----
Fighting       | 3 |  3.0
Axes           | |  2.6
Armour         | |  3.4
Shields        | |  3.4

Action                   || total
-------------------------++-------
Melee: War axe           ||    34
Armor: Scale mail        ||     9
Dodge: Dodged            ||    13
Block: Kite shield       ||    13

Table legend: (Time is in decaauts)
 A = Elapsed time spent in this place.
 B = Non-inter-level travel time spent in this place.
 C = Inter-level travel time spent in this place.
 D = Time resting spent in this place.
 E = Time spent auto-exploring this place.
 F = Levels seen in this place.
 G = Mean time per level.
                   A        B        C        D        E       F      G
               +--------+--------+--------+--------+--------+-----+--------+
         Total |    265 |    253 |     12 |      0 |    181 |   4 |   66.2 |
       Dungeon |    265 |    253 |     12 |      0 |    181 |   4 |   66.2 |
               +--------+--------+--------+--------+--------+-----+--------+

Top non-repeatable levels by time:
     D:3: 133 daAuts
     D:2: 85 daAuts
     D:1: 32 daAuts
     D:4: 14 daAuts
